 Dungeon Crawl Stone Soup version 0.17.2-1-ge4368a0 (webtiles) character file.

765 Goblin1989 the Insei (level 7, -2/81 HPs)
             Began as a Demonspawn Monk on Oct 27, 2016.
             Slain by Pikel
             ... wielding a +0 whip of flaming
              (7 damage)
             ... on level 5 of the Dungeon.
             The game lasted 00:06:27 (3211 turns).

Goblin1989 the Insei (Demonspawn Monk)              Turns: 3211, Time: 00:06:27

Health: -2/81      AC:  8    Str: 18    XL:     7   Next: 52%
Magic:  7/7        EV: 11    Int: 11    God:
Gold:   164        SH:  0    Dex: 16    Spells: 0 memorised, 6 levels left

rFire  . . .     SeeInvis .       - Unarmed
rCold  . . .     Clarity  .     n - +0 scale mail
rNeg   . . .     SustAt   .     (no shield)
rPois  .         Gourm    .     u - +0 helmet
rElec  .         Spirit   .     j - +0 cloak
rCorr  .         Warding  .     (no gloves)
rMut   .         Stasis   .     (no boots)
MR     .....                    (no amulet)
Stlth  ..........               (no ring)
                                (no ring)

@: berserking, very quick, not resistant to hostile enchantments, extremely
unstealthy
A: claws 1, hooves 1, mutation resistance 1, screaming 1, spiny 2, rot immunity,
subdued magic 1
a: no special abilities


You were on level 5 of the Dungeon.
You were not hungry.

You visited 1 branch of the dungeon, and saw 5 of its levels.

You collected 164 gold pieces.

Inventory:

Missiles
 l - 5 needles of sleeping
Armour
 j - a +0 cloak (worn)
 n - a +0 scale mail (worn)
 u - a +0 helmet (worn)
Wands
 a - a wand of magic darts (19)
 C - a wand of confusion (22)
Scrolls
 d - 8 scrolls of identify {unknown}
 e - a scroll of teleportation {unknown}
 g - a scroll of amnesia {unknown}
 h - 5 scrolls of remove curse {unknown}
 i - 2 scrolls of noise {unknown}
 q - 2 scrolls of magic mapping {unknown}
 r - a scroll of random uselessness {unknown}
 t - a scroll of fog {unknown}
Potions
 o - 3 potions of flight
 s - a potion of curing {@q1}
Comestibles
 b - 3 bread rations {@e1}
 c - a chunk of flesh {@w0}
 f - a slice of pizza
 m - 6 meat rations {@e2}
 p - 5 fruits
 v - a beef jerky


   Skills:
 + Level 4.1 Fighting
 + Level 2.4 Armour
 - Level 2.6 Dodging
 - Level 1.7 Stealth
 * Level 7.6 Unarmed Combat


You had 6 spell levels left.
You didn't know any spells.

Dungeon Overview and Level Annotations

Branches:
Dungeon (5/15)
 Temple: D:4-7

Altars:
Kikubaaqudgha
Nemelex Xobeh
Sif Muna
Xom

Annotations:
D:2 Sigmund
D:5 Pikel


Innate Abilities, Weirdness & Mutations

You have sharp fingernails.
You have large cloven feet.
You are mostly covered in sharp spines.
You are immune to rotting.
You are somewhat resistant to further mutation.
You occasionally shout uncontrollably at your foes.
Your spells are a little easier to cast, but a little less powerful.


Message History

The orc wizard hits you but does no damage.
You closely miss the orc wizard. Your kick misses the orc wizard.
The orc wizard is moderately wounded.
Pikel says, "You'll fetch a fair price!"
The orc priest calls down the wrath of Beogh upon you.
Something smites you!
* * * LOW HITPOINT WARNING * * *
The orc wizard closely misses you.
You take 11 damage, and have 3/54 hp.
MASSIVE DAMAGE!!
Drink which item? (? for menu, Esc to quit)
It was a potion of berserk rage.
A red film seems to cover your vision as you go berserk!
You feel yourself moving faster!
You feel mighty!
The orc wizard casts a spell.
The orc wizard blinks!
You now have 5/81 hp.
You feel a strong urge to attack something.
The orc wizard shouts!
Pikel is struck by your spines. Pikel hits you with a whip of flaming!
You die... ████████████ █..........█ █..........█ ████

█..........█ █████...
█..........█ █.)....
█.......)..█ █......
█..........█
█....†██████..........█
▲(...K@..).∆..........∆
█....p██████..........█
......op█ █..........█
.....o..█


████████████ ...o....▲ ... ........█ ███ ........█ o.......█ ...██████ You could
see Pikel, 2 slaves, an orc priest and 2 orc wizards.

Vanquished Creatures
  Grinder (D:5)
  An ogre (D:5)
  A slave (D:5)
  Blork the orc (D:5)
  2 hounds (D:4)
  2 giant frog skeletons
  Crazy Yiuf (D:2)
  Terence (D:2)
  Natasha (twice) (D:3)
  2 worker ants (D:4)
  5 gnolls
  A worker ant zombie (D:5)
  5 adders
  An adder skeleton (D:4)
  A giant gecko (D:3)
  6 orcs
  4 bats
  3 giant cockroaches
  A goblin (D:2)
  8 hobgoblins
  2 jackals (D:3)
  2 quokkas (D:3)
  A ball python (D:3)
  A giant newt (D:3)
  A jackal skeleton (D:5)
  10 kobolds
  11 rats
77 creatures vanquished.

Notes
Turn   | Place    | Note
--------------------------------------------------------------
     0 | D:1      | Goblin1989 the Demonspawn Monk began the quest for the Orb.
     0 | D:1      | Reached XP level 1. HP: 18/18 MP: 1/1
   256 | D:1      | Reached skill level 4 in Unarmed Combat
   322 | D:1      | Gained mutation: You are partially covered in sharp spines. [demonic ancestry]
   322 | D:1      | Reached XP level 2. HP: 22/24 MP: 2/2
   381 | D:1      | Found a sparkling altar of Nemelex Xobeh.
   476 | D:1      | Gained mutation: You have sharp fingernails. [demonic ancestry]
   476 | D:1      | Reached XP level 3. HP: 26/29 MP: 3/3
   912 | D:2      | Noticed Crazy Yiuf
   918 | D:2      | Paralysed by Crazy Yiuf for 6 turns
   923 | D:2      | Killed Crazy Yiuf
   923 | D:2      | Reached skill level 5 in Unarmed Combat
  1187 | D:2      | Gained mutation: You have large cloven feet. [demonic ancestry]
  1187 | D:2      | Reached XP level 4. HP: 32/35 MP: 4/4
  1342 | D:2      | Noticed Sigmund
  1531 | D:2      | Gained mutation: You occasionally shout uncontrollably at your foes. [potion of mutation]
  1531 | D:2      | Gained mutation: Your spells are a little easier to cast, but a little less powerful. [potion of mutation]
  1531 | D:2      | Gained mutation: You are somewhat resistant to further mutation. [potion of mutation]
  1540 | D:2      | Noticed Terence
  1552 | D:2      | Killed Terence
  1561 | D:3      | Found a shimmering altar of Xom.
  1566 | D:3      | Found a shimmering altar of Xom.
  1566 | D:3      | Found a shimmering altar of Xom.
  1569 | D:3      | Found a shimmering altar of Xom.
  1603 | D:3      | Noticed Natasha
  1609 | D:3      | Killed Natasha
  1609 | D:3      | Gained mutation: You are mostly covered in sharp spines. [demonic ancestry]
  1609 | D:3      | Reached XP level 5. HP: 31/41 MP: 5/5
  1877 | D:3      | Noticed Natasha
  1880 | D:3      | Killed Natasha
  1880 | D:3      | Reached skill level 6 in Unarmed Combat
  2206 | D:4      | Found an ancient bone altar of Kikubaaqudgha.
  2362 | D:4      | Found a deep blue altar of Sif Muna.
  2860 | D:4      | Reached XP level 6. HP: 44/47 MP: 6/6
  3076 | D:5      | Entered Level 5 of the Dungeon
  3096 | D:5      | Reached skill level 1 in Armour
  3106 | D:5      | Noticed Grinder
  3111 | D:5      | Killed Grinder
  3111 | D:5      | Reached skill level 7 in Unarmed Combat
  3111 | D:5      | Gained mutation: You are immune to rotting. [demonic ancestry]
  3111 | D:5      | Reached XP level 7. HP: 51/53 MP: 7/7
  3160 | D:5      | Noticed Blork the orc
  3174 | D:5      | Killed Blork the orc
  3198 | D:5      | Noticed Pikel
  3211 | D:5      | Slain by Pikel

Action                   |  1- 3 |  4- 6 |  7- 9 || total
-------------------------+-------+-------+-------++-------
Melee: Unarmed           |    56 |    89 |    31 ||   176
  Use: Potion            |       |     5 |     1 ||     6
 Stab: Sleeping          |     1 |     2 |       ||     3
  Eat: Chunk             |       |     7 |       ||     7

Vault maps used:
D:1:      dpeg_arrival_line_fractal, nemelex_xobeh_ov_fountains_minmay
D:2:      first_bread, nemelex_dance_club_becter, uniq_sigmund, uniq_terence,
          uniq_crazy_yiuf_cottage
D:3:      xom_redecorated, uniq_natasha
D:4:      kennysheep_little_box, nicolae_overflow_crystal_walls,
          supply_closet_lemuel
D:5:      minmay_temple_entry_glass, hangedman_minor_gate_pass,
          uniq_blork_the_orc, uniq_pikel, uniq_menkaure, uniq_grinder
